Map: Whirlwind LE (Void)

Players

Musumeci

  • Race: Zerg Zerg
  • League: Diamond
  • Spawn Location: 11:00

LowLife - Winner!

  • Race: Zerg Zerg
  • League: Diamond
  • Spawn Location: 7:00

VOD

Have the link to the VOD?

Description

Time

  • Played on: Dec. 22, 2016, 4:54 p.m.
  • Length: 13:47
Show
View Real Time Build Order
Export as new Build Order

Musumeci Zerg 

Build Orders: Hatch First 

Get SALT Encoding   

  12  0:01  Drone  
  13  0:11  Drone  
  14  0:23  Extractor  
  14  0:26  Drone  
  15  0:42  Hatchery  
  15  0:48  Extractor  
  15  0:49  Drone  
  15  1:01  Spawning Pool  
  14  1:06  Drone, Extractor  
  14  1:15  Drone, Extractor  
  14  1:19  Overlord  
  15  1:37  Drone  
  15  1:38  Drone  
  17  1:40  Drone  
  18  1:48  Queen  
  18  1:52  Zergling x2  
  21  1:55  Drone  
  22  2:03  Drone  
  22  2:05  Drone  
  24  2:10  Metabolic Boost  
  24  2:14  Drone  
  25  2:18  Zergling x2  
  26  2:36  Zergling x2  
  26  2:38  Overlord  
  26  2:39  Queen  
  28  2:44  Evolution Chamber  
  28  2:49  Baneling Nest  
  26  2:52  Zergling x2  
  26  3:10  Zergling x12  
  29  3:30  Zergling x8  
  33  3:40  Baneling x2  
  33  3:45  Zerg Ground Armor Level 1  
  31  4:05  Baneling x2  
  25  4:29  Zergling x22  
  35  4:38  Drone  
  35  4:40  Overlord  
  33  4:58  Baneling x2  
  32  5:02  Zergling x16  
  40  5:11  Zergling x2  
  40  5:13  Drone  
  42  5:17  Drone x2  
  43  5:28  Zergling x2  
  43  5:38  Baneling x3  
  43  5:43  Zergling x2  
  30  6:06  Zergling x2  
  30  6:07  Zergling x18  
  38  6:14  Zergling x4  
  38  6:15  Zergling x2  
  38  6:16  Zergling x4  
  38  6:17  Overlord  
  42  6:33  Drone x2  
  42  6:36  Overlord  
  42  6:49  Zergling x8  
  42  6:53  Zergling x2  
  42  6:54  Zergling x10  
  43  7:06  Zergling x4  
  41  7:18  Zergling x2  
  41  7:19  Zergling x2  
  43  7:24  Drone x3  
  43  7:29  Baneling  
  46  7:30  Baneling  
  46  7:31  Baneling x2  
  46  7:33  Zergling x2  
  46  7:34  Zergling x4  
  49  7:39  Hatchery  
  40  7:55  Zergling x2  
  40  7:56  Zergling x14  
  46  8:02  Zergling x2  
  43  8:06  Zergling x2  
  43  8:26  Zerg Melee Weapons Level 1  
  42  8:29  Spore Crawler  
  42  8:31  Spore Crawler  
  42  8:34  Spore Crawler  
  37  8:36  Spore Crawler  
  34  8:46  Zergling x24  
  42  8:59  Zergling x2  
  42  9:00  Zergling x4  
  45  9:07  Spore Crawler  
  45  9:09  Spore Crawler  
  42  9:14  Zergling x2  
  42  9:15  Zergling x12  
  45  9:29  Zergling x4  
  46  9:38  Drone x2  
  42  9:47  Zergling x4  
  35  10:01  Zergling x4  
  35  10:03  Baneling x2  
  35  10:04  Baneling x2  
  37  10:08  Drone x3  
  37  10:10  Drone x5  
  41  10:27  Zergling x6  
  40  10:32  Zergling x12  
  44  10:40  Zergling x6  
  48  10:42  Zergling x2  
  48  10:47  Baneling x2  
  48  10:54  Zergling x4  
  46  10:59  Queen  
  46  11:00  Zergling x6  
  44  11:10  Zergling x10  
  45  11:18  Queen  
  42  11:30  Baneling x3  
  42  11:31  Baneling  
  42  11:34  Zergling x8  
  42  11:35  Queen  
  46  11:53  Zergling x10  
  50  12:03  Zergling x4  
  49  12:30  Zergling x2  
  49  12:31  Zergling x2  
  50  12:37  Overlord x3  
  37  13:07  Zergling x10  
  37  13:08  Zergling x2  
  33  13:19  Zergling x6  
  34  13:20  Zergling x6  
  28  13:43  Spawning Pool  
Show
View Real Time Build Order
Export as new Build Order

LowLife Zerg - Winner!

Build Orders: Hatch First, Muta Ling Bane, Zergling Baneling 

Get SALT Encoding   

  12  0:01  Drone  
  13  0:12  Overlord  
  13  0:17  Drone  
  14  0:30  Drone x2  
  16  0:37  Drone  
  17  0:45  Drone  
  18  0:57  Hatchery, Drone  
  18  1:02  Extractor  
  17  1:09  Drone  
  18  1:15  Spawning Pool  
  18  1:17  Drone  
  18  1:28  Drone  
  19  1:40  Overlord  
  19  2:02  Zergling x4  
  19  2:05  Queen  
  19  2:06  Metabolic Boost  
  23  2:08  Queen  
  23  2:10  Drone  
  23  2:13  Zergling x2  
  27  2:20  Drone  
  28  2:23  Drone  
  29  2:30  Drone  
  29  2:34  Drone  
  31  2:40  Baneling Nest  
  31  2:41  Drone  
  31  2:56  Drone  
  31  2:57  Drone x2  
  33  3:07  Extractor  
  33  3:10  Zergling x2  
  33  3:11  Zergling x2  
  34  3:17  Zergling x2  
  34  3:18  Zergling x2  
  35  3:20  Overlord x3  
  35  3:32  Zergling x2  
  36  3:36  Baneling x4  
  36  3:39  Overlord  
  36  3:40  Overlord  
  35  4:04  Zergling x2  
  35  4:05  Zergling x14  
  35  4:08  Baneling x3  
  35  4:09  Baneling x4  
  43  4:16  Drone x4  
  45  4:37  Zergling x2  
  45  4:38  Zergling x6  
  43  4:54  Zergling x2  
  43  4:55  Zergling x12  
  43  4:57  Lair  
  50  5:04  Drone  
  51  5:08  Drone  
  51  5:13  Drone x4  
  56  5:16  Hatchery, Baneling  
  56  5:17  Baneling x2  
  56  5:18  Baneling x5  
  56  5:19  Baneling x2  
  55  5:26  Drone x2  
  57  5:33  Drone x4  
  60  5:36  Extractor  
  60  5:41  Drone x4  
  63  5:46  Queen  
  65  5:53  Drone x2  
  54  6:07  Zergling x4  
  54  6:08  Zergling x4  
  56  6:12  Baneling x2  
  56  6:13  Zergling x6  
  59  6:23  Zergling x4  
  61  6:35  Spire  
  61  6:37  Drone x5  
  64  6:40  Baneling  
  64  6:41  Baneling x2  
  64  6:48  Zergling x6  
  64  6:53  Zergling x2  
  64  6:54  Zergling x8  
  61  7:03  Zergling x8  
  61  7:04  Zergling x4  
  62  7:11  Zergling x4  
  60  7:23  Baneling x4  
  60  7:24  Baneling x5  
  60  7:25  Baneling  
  60  7:27  Zergling x2  
  60  7:28  Zergling x8  
  60  7:29  Queen  
  67  7:30  Queen  
  67  7:32  Zergling x8  
  67  7:34  Centrifical Hooks  
  72  7:38  Drone x4  
  72  7:44  Overlord x2  
  72  7:50  Queen  
  54  8:08  Zergling x12  
  59  8:18  Zergling x2  
  59  8:19  Zergling x4  
  62  8:24  Zergling x4  
  62  8:35  Zergling x2  
  62  8:36  Zergling x4  
  62  8:39  Mutalisk  
  62  8:45  Mutalisk x2  
  62  8:49  Mutalisk  
  62  8:53  Baneling x4  
  62  8:54  Baneling  
  65  8:55  Zergling x2  
  65  8:56  Zergling x10  
  65  8:57  Zergling x2  
  70  9:13  Mutalisk  
  72  9:28  Mutalisk  
  74  9:35  Extractor  
  72  9:47  Mutalisk x2  
  71  9:58  Zergling x2  
  71  9:59  Zergling x8  
  75  10:07  Zergling x4  
  72  10:28  Zergling x2  
  72  10:29  Zergling x6  
  75  10:41  Hatchery  
  73  10:46  Mutalisk  
  73  10:47  Mutalisk x2  
  71  11:02  Zergling x4  
  71  11:03  Zergling x2  
  64  11:07  Mutalisk  
  64  11:08  Mutalisk x3  
  71  11:18  Zergling x8  
  70  11:33  Zergling x4  
  72  11:44  Mutalisk  
  72  11:45  Mutalisk  
  74  11:57  Zergling x2  
  74  11:58  Zergling x16  
  79  12:12  Zergling x10  
  79  12:14  Spine Crawler x2  
  82  12:17  Spine Crawler  
  81  12:29  Mutalisk  
  81  12:30  Mutalisk x3  
  81  12:36  Overlord x2  
  81  12:37  Overlord x5  
  79  13:10  Zergling x18  
  79  13:11  Zergling x8  
Tags
 
Add a new tag
Caveats
  • Supply blocks, unpowered buildings, or Contaminate may cause inaccurate times.
  • Supply counts are checked every 10 seconds.